 Dungeon Crawl Stone Soup version 0.27.1-33-g824d729ab1 (webtiles) character file.

Game seed: 13899057802265824147

6822 pkoi the Grappler (level 10, -3/73 HPs)
             Began as a Grey Draconian Gladiator on Dec 15, 2021.
             Was an Elder of Okawaru.
             Slain by an unseen horror (8 damage)
             ... on level 9 of the Dungeon.
             The game lasted 00:14:44 (11515 turns).

pkoi the Grappler (Grey Draconian Gladiator)       Turns: 11515, Time: 00:14:45

Health: -3/73      AC: 20    Str: 22    XL:     10   Next: 77%
Magic:  12/14      EV: 15    Int: 14    God:    Okawaru [****..]
Gold:   218        SH:  0    Dex: 13    Spells: 7/13 levels left

rFire    + . .     SeeInvis .     - Unarmed
rCold    . . .     Faith    .   (no shield)
rNeg     . . .     Spirit   .   (armour unavailable)
rPois    .         Reflect  .   a - +1 hat
rElec    .         Harm     .   (no cloak)
rCorr    .         Rampage  .   C - +2 pair of gloves
Will     .....                  (no boots)
Stlth    +++.......             (no amulet)
HPRegen  0.22/turn              h - +4 ring of protection
MPRegen  0.14/turn              j - +6 ring of strength

@: heroic
A: AC +12, amphibious, unfitting armour, cold-blooded, clever 1, fire resistance
1
a: Renounce Religion, Heroism


You were on level 9 of the Dungeon.
You worshipped Okawaru.
Okawaru was greatly pleased with you.
You visited 2 branches of the dungeon, and saw 10 of its levels.
You also visited: Ossuary.

You collected 394 gold pieces.
You spent 176 gold pieces at shops.

Inventory:

Hand Weapons
 b - the +1 shortbow of the Fifty Orbs {venom, Will+ Int+4 Dex+2}
   (You bought it in a shop on level 1 of the Dungeon)

   Any ammunition fired from it poisons the flesh of those it strikes.
   Int:       It affects your intelligence (+4).
   Dex:       It affects your dexterity (+2).
   Will:      It increases your willpower.
Missiles
 e - 36 poisoned darts (quivered)
 t - 6 throwing nets
 v - 100 arrows
Armour
 a - a +1 hat (worn)
 C - a +2 pair of gloves (worn)
Jewellery
 h - a +4 ring of protection (left hand)
 j - a +6 ring of strength (right hand)
 z - a ring of willpower
Wands
 c - a wand of iceblast (19)
 f - a wand of flame (16)
 k - a wand of acid (6)
 m - a wand of polymorph (9)
Scrolls
 d - 3 scrolls of enchant armour
 g - 3 scrolls of identify
 i - a scroll of silence
 l - 5 scrolls of teleportation
 p - 2 scrolls of brand weapon
 w - a scroll of amnesia
 y - 2 scrolls of blinking
Potions
 n - 4 potions of flight
 o - 6 potions of curing
 q - 6 potions of heal wounds
 r - a potion of magic
 s - 2 potions of haste
 u - a potion of brilliance
 x - a potion of ambrosia
 A - a potion of cancellation
 B - a potion of berserk rage {unknown}


   Skills:
 - Level 2.1(7.1) Fighting
 - Level 0.4(5.4) Bows
 - Level 1.7(6.7) Throwing
 - Level 2.6(7.6) Dodging
 * Level 12.4(17.4) Unarmed Combat
 - Level 2.0 Spellcasting
 + Level 5.5 Conjurations
 + Level 6.6 Earth Magic
 - Level 6.0 Invocations
 - Level 4.0 Evocations


You had 7 spell levels left.
You knew the following spells:

 Your Spells              Type           Power      Damage    Failure   Level
a - Iron Shot             Conj/Erth      9%         9d3       96%         6

Your spell library contained the following spells:

 Spells                   Type           Power      Damage    Failure   Level
 Static Discharge         Conj/Air       9%         N/A       12%         2
 Corona                   Hex            1%         N/A       24%         1
 Summon Small Mammal      Summ           4%         N/A       24%         1
 Ensorcelled Hibernation  Hex/Ice        2%         N/A       34%         2
 Call Canine Familiar     Summ           1%         N/A       56%         3
 Summon Guardian Golem    Hex/Summ       1%         N/A       56%         3
 Tukima's Dance           Hex            1%         N/A       56%         3
 Iskenderun's Battlesphe  Conj           16%        2d7       56%         5
 Lightning Bolt           Conj/Air       4%         1d16      91%         5
 Spellforged Servitor     Conj/Summ      4%         N/A       100%        7
 Maxwell's Capacitive Co  Air            0%         ∞         100%        8


Dungeon Overview and Level Annotations

Branches:
Dungeon (9/15)             Temple (1/1) D:7         Ossuary (visited)
   Lair: D:8-11         Orc: D:9-12

Altars:
Ashenzari
Cheibriados
Dithmenos
Elyvilon
Fedhas
Gozag
Hepliaklqana
Kikubaaqudgha
Makhleb
Nemelex Xobeh
Okawaru
Qazlal
Sif Muna
Trog
Uskayaw
Vehumet
Wu Jian
Xom
Yredelemnul
Zin
The Shining One

Shops:
D:1 (


Innate Abilities, Weirdness & Mutations

Your dull iron-grey scales are very hard. (AC +12)
You are amphibious.
You cannot fit into any form of body armour.
You are cold-blooded and may be slowed by cold attacks.
Your mind is acute. (Int +2)
Your flesh is heat resistant. (rF+)


Message History

You gain the combat prowess of a mighty hero.
You barely miss the water moccasin.
The water moccasin bites you but does no damage.
You hit the water moccasin.
The water moccasin is lightly wounded.
The water moccasin closely misses you.
You pummel the water moccasin!!
Your tail-slap misses the water moccasin.
The water moccasin is severely wounded.
The water moccasin misses you.
You closely miss the water moccasin.
You punch the water moccasin, but do no damage.
The water moccasin is severely wounded.
The water moccasin bites you.
* * * LOW HITPOINT WARNING * * *
You are poisoned.
The water moccasin poisons you!
You pummel the water moccasin!!
You kill the water moccasin!
Okawaru accepts your kill.
You feel very sick.
You feel very sick.
You feel very sick.
You start resting.
You feel sick. x7
Magic restored.
You feel sick.
You are no longer poisoned.
There is a strange disturbance nearby!
There is a strange disturbance nearby!
There is a strange disturbance nearby!
There is a strange disturbance nearby!
You feel like a meek peon again.
You gain the combat prowess of a mighty hero.
Something hits you.
* * * LOW HITPOINT WARNING * * *
Deactivating autopickup; reactivate with Ctrl-A.
Something hits you but does no damage.
You miss something. Something hits you!
* * * LOW HITPOINT WARNING * * *
You pummel something!! You punch something. Something hits you!
You die...

♣.. #........ #.#
###
.♣♣...♣#........
#.# #.. .......[.#
#### #.# ##.##
♣♣♣...♣#[# ...##.#
#.... ♣..
#†#####...#[# #..##
♣. #.....#...#.#
#..## ♣
#..##.#...#.###....
#..##.#...#.....###
#.@##.#.......#####
#.{##.#.#.###.....#
#..............##.#
######
#######.#.####.# #
#)...##
#.#......##.#
#'##..#
###.####...##..
#♣.♣##.# #...#
#...#### ##...##.#
#####.### .........
#._._.#.# #.....#
.##...###.


There were no monsters in sight!

Vanquished Creatures
  Erica (D:8)
  Harold (D:8)
  A two-headed ogre (D:9)
  Maurice (D:8)
  Maggie (D:6)
  Psyche (D:8)
  A troll (D:9)
  3 wyverns
  3 yaks
  A steam dragon (D:9)
  Duvessa (D:6)
  A water moccasin (D:9)
  3 orc warriors
  A black bear (D:8)
  An ogre (D:6)
  2 centaurs
  A kobold brigand (D:7)
  3 bullfrogs
  A scorpion (D:4)
  A water moccasin zombie (D:5)
  Dowan (D:6)
  2 water moccasin skeletons
  13 wights
  2 centaur zombies
  2 bullfrog skeletons
  A hound (D:5)
  5 iguanas
  Jessica (D:2)
  Ijyb (D:5)
  4 orc wizards
  A killer bee zombie (D:7)
  14 mummies
  4 gnolls (D:5)
  5 adders
  2 shadow imps (D:6)
  3 white imps
  3 worms
  2 dart slugs (D:1)
  22 orcs
  5 endoplasms
  7 giant cockroaches
  12 goblins
  7 hobgoblins
  8 jackals (D:1)
  11 kobolds
  4 quokkas
  9 ball pythons
  5 bats
  3 gnoll skeletons (Ossuary)
  A goblin skeleton (Ossuary)
  3 kobold skeletons (Ossuary)
  2 kobold zombies (D:4)
  An orc skeleton (Ossuary)
  3 rats
  11 rat skeletons (Ossuary)
  A butterfly (D:3)
210 creatures vanquished.

Notes
Turn   | Place    | Note
-------+----------+-------------------------------------------
     0 | D:1      | pkoi the Draconian Gladiator began the quest for the Orb.
     0 | D:1      | Reached XP level 1. HP: 17/17 MP: 1/1
   126 | D:1      | Reached XP level 2. HP: 24/24 MP: 2/2
   318 | D:1      | Found Oklopt's Antique Weapon Shop.
   371 | D:1      | Reached skill level 4 in Unarmed Combat
   476 | D:1      | Reached XP level 3. HP: 29/29 MP: 3/3
  1070 | D:2      | Gained mutation: Your flesh is heat resistant. (rF+)
                  | [potion of mutation]
  1070 | D:2      | Gained mutation: Your mind is acute. (Int +2) [potion of
                  | mutation]
  1131 | D:2      | Found a bloodstained altar of Trog.
  1212 | D:2      | Found a faded altar of an unknown god.
  1366 | D:2      | Noticed Jessica
  1392 | D:2      | Reached XP level 4. HP: 31/36 MP: 4/4
  1398 | D:2      | Killed Jessica
  1399 | D:2      | Reached skill level 5 in Unarmed Combat
  1961 | D:3      | Found a shimmering altar of Xom.
  2249 | D:3      | Reached XP level 5. HP: 32/41 MP: 5/5
  2622 | D:3      | Found a hazy altar of Hepliaklqana.
  2836 | D:3      | Found an iron altar of Okawaru.
  2843 | D:3      | Reached skill level 6 in Unarmed Combat
  2851 | D:3      | Became a worshipper of Warmaster Okawaru
  3156 | D:4      | Reached skill level 1 in Invocations
  3299 | D:4      | Found a sand-covered staircase.
  3310 | Ossuary  | Entered an ossuary
  3631 | Ossuary  | Reached XP level 6. HP: 48/48 MP: 7/7
  4031 | Ossuary  | Reached skill level 7 in Unarmed Combat
  4427 | D:1      | Bought an encrusted shortbow for 176 gold pieces
  4427 | D:1      | Identified the +1 shortbow of the Fifty Orbs {venom, Will+
                  | Int+4 Dex+2} (You bought it in a shop on level 1 of the
                  | Dungeon)
  5046 | D:5      | Entered Level 5 of the Dungeon
  5137 | D:5      | Your scales start taking on a dull iron-grey colour.
  5137 | D:5      | Reached XP level 7. HP: 54/55 MP: 9/9
  5180 | D:5      | Reached * piety under Okawaru
  5405 | D:5      | Noticed Ijyb
  5419 | D:5      | Killed Ijyb
  5976 | D:5      | Reached skill level 8 in Unarmed Combat
  5976 | D:5      | Reached skill level 1 in Evocations
  6882 | D:6      | Reached XP level 8. HP: 59/60 MP: 11/11
  6949 | D:6      | Found a hide-covered altar of Uskayaw.
  7119 | D:6      | Reached skill level 9 in Unarmed Combat
  7203 | D:5      | Reached ** piety under Okawaru
  7204 | D:5      | Reached skill level 5 in Invocations
  7279 | D:6      | Noticed Duvessa
  7288 | D:6      | Noticed Dowan
  7297 | D:6      | Killed Duvessa
  7299 | D:6      | Killed Dowan
  7428 | D:6      | Noticed Maggie
  7447 | D:6      | Killed Maggie
  7802 | D:7      | Reached XP level 9. HP: 67/67 MP: 13/13
  7809 | D:7      | Learned a level 6 spell: Iron Shot
  7913 | D:7      | Reached skill level 10 in Unarmed Combat
  7952 | D:7      | Found a staircase to the Ecumenical Temple.
  8464 | D:7      | Reached skill level 1 in Earth Magic
  8470 | D:7      | Reached skill level 1 in Conjurations
  8805 | Temple   | Entered the Ecumenical Temple
  8942 | D:7      | Reached skill level 1 in Spellcasting
  9061 | D:8      | Reached *** piety under Okawaru
  9470 | D:8      | Noticed Erica
  9644 | D:8      | Killed Erica
  9645 | D:8      | Reached skill level 11 in Unarmed Combat
  9905 | D:8      | Noticed Maurice
  9921 | D:8      | Killed Maurice
  9921 | D:8      | Reached **** piety under Okawaru
  9921 | D:8      | Received a gift from Okawaru
  9922 | D:8      | Reached XP level 10. HP: 44/73 MP: 11/14
 10056 | D:8      | Noticed Harold
 10076 | D:8      | Killed Harold
 10077 | D:8      | Reached skill level 5 in Earth Magic
 10321 | D:8      | Noticed Psyche
 10332 | D:8      | Killed Psyche
 11244 | D:9      | Found a radiant altar of Vehumet.
 11244 | D:9      | Noticed a two-headed ogre
 11251 | D:9      | Killed a two-headed ogre
 11252 | D:9      | Reached skill level 12 in Unarmed Combat
 11252 | D:9      | Reached skill level 5 in Conjurations
 11252 | D:9      | Found a broken altar of Ashenzari.
 11515 | D:9      | Slain by an unseen horror

Illustrated notes

Levels and vault maps discovered:
D:1:      dpeg_arrival_lava_altar, layout_loops_ring, serial_shops,
          nicolae_shop_competitors_out_of_business
D:2:      layout_basic, basic_altar, basic_ecumenical_altar, chequers_garden,
          minmay_pentomino_x4, uniq_jessica
D:3:      layout_basic, overflow_temple_1_default, xom_butterflies,
          worldfamousw_hep_ancestral_shrine, minmay_misc_feat_ornament
D:4:      layout_basic, nicolae_ossuary_entry_giza, moated_statue
D:5:      layout_basic, roderic_st_hans_cross, st_stairs_13, uniq_ijyb
D:6:      layout_rooms, nicolae_overflow_crystal_walls, uniq_duvessa,
          uniq_maggie
D:7:      layout_cave_pods, minmay_temple_entry_arrows
D:8:      layout_basic, uniq_harold, uniq_erica, uniq_maurice, uniq_psyche
D:9:      nzn_winding_woodlands_three_and_one
          [nzn_winding_woodlands_5x15_parted,
          nzn_winding_woodlands_5x15_crooked,
          nzn_winding_woodlands_5x15_default,
          nzn_winding_woodlands_center_triple_pond], layout_basic,
          gammafunk_temple_overflow_statue, general_overflow_altar,
          chequers_jeans
Temple:   jpeg_temple_clearing

Skill      XL: |  1  2  3  4  5  6  7  8  9 10 |
---------------+-------------------------------+-----
Unarmed Combat | 4 5 6 7 8 9 11 12 | 12.4
Invocations    | 1 3 4 5 6 |  6.0
Evocations     | 2 4 |  4.0
Earth Magic    | 4 6 |  6.6
Conjurations   | 3 5 |  5.5
Spellcasting   | 2 |  2.0
Fighting       | |  2.1
Bows           | |  0.4
Throwing       | |  1.7
Dodging        | |  2.6

Action                   |  1- 3 |  4- 6 |  7- 9 | 10-12 || total
-------------------------+-------+-------+-------+-------++-------
Melee: Unarmed           |   152 |   238 |   290 |    86 ||   766
       Tailslap          |    18 |    44 |    40 |    19 ||   121
       Punch             |     1 |     3 |    20 |     9 ||    33
 Fire: Shortbow          |       |     5 |    73 |     6 ||    84
Throw: Dart              |     1 |       |       |       ||     1
Invok: Heroism           |       |       |     3 |     9 ||    12
  Use: Scroll            |     2 |     8 |     9 |       ||    19
       Potion            |     3 |     2 |     1 |       ||     6
 Stab: Sleeping          |     2 |     2 |       |       ||     4
Armor: Skin              |    47 |    45 |   124 |    29 ||   245
Dodge: Dodged            |    85 |    93 |   145 |    45 ||   368
